 Dungeon Crawl Stone Soup version 0.30-a0-1157-g2cc9ac7196 (webtiles) character file.

Game seed: 16459765759566561216

4 Jase the Covered (level 1, 19/19 HPs)
             Began as an Armataur Fighter on Apr 25, 2023.
             Was a High Priest of Ignis.
             Quit the game on level 1 of the Dungeon.
             The game lasted 00:01:15 (82 turns).

Jase the Covered (Armataur Fighter)                   Turns: 82, Time: 00:01:16

Health: 19/19      AC:  7    Str: 21    XL:     1   Next: 50%
Magic:  1/1        EV:  7    Int:  8    God:    Ignis [*****.]
Gold:   26         SH:  4    Dex:  9    Spells: 0/0 levels left

rFire   + . .        a - +0 long sword
rCold   . . .        c - +0 buckler
rNeg    . . .        b - +0 scale mail
rPois   .            (no helmet)
rElec   .            (no cloak)
rCorr   .            (no gloves)
SInv    .            (no barding)
Will    .....        (no amulet) Stlth
                     (no ring)
HPRegen 0.23/turn    (no ring)
MPRegen 0.07/turn

%: roll
@: no status effects
A: large, rugged brown scales 3, deformed body, armoured tail, roll, long
tongue, awkward tongue
a: Renounce Religion, Fiery Armour, Foxfire Swarm, Rising Flame


You were on level 1 of the Dungeon.
You worshipped Ignis.
Ignis was extremely pleased with you.
You visited 1 branch of the dungeon, and saw 1 of its levels.

You collected 26 gold pieces.

Inventory:

Hand Weapons
 a - a +0 long sword (weapon)
Armour
 b - a +0 scale mail (worn)
 c - a +0 buckler (worn)
Scrolls
 e - a scroll of teleportation {unknown}
 f - 2 scrolls of identify {unknown}
Potions
 d - a potion of might


   Skills:
 + Level 2.7 Fighting
 * Level 1.9 Long Blades
 + Level 3.7 Armour
 + Level 3.3 Shields


You couldn't memorise any spells.
You didn't know any spells.
Your spell library was empty.

Dungeon Overview and Level Annotations

Branches:
Dungeon (1/15)

Altars:
Ignis


Innate Abilities, Weirdness & Mutations

You are completely covered in rugged brown scales. (AC +3, +7% HP)
Armour fits poorly on your strangely shaped body.
You have a long armoured tail.
You roll when moving toward enemies. (Rampage)
Your long tongue fully drains potion bottles. (2x potion effects)
Your tongue gives you trouble enunciating. (1.5x scroll delay)


Message History

f - 2 scrolls labelled RADIGANUNWA You see here a bat corpse.
A goblin comes into view. It is wielding a +0 club.
The goblin shouts!
Sorry, you're not good enough to have a special ability.
Unknown command.
You roll towards the goblin!
The goblin hits you with a +0 club.
You slash the goblin!
You kill the goblin!
Things that are here:
a +0 club; a goblin corpse You start resting.
HP restored.
Found a stone staircase leading down.
Found a faded altar of an unknown god.
A ball python comes into view.
The ball python hisses angrily.
The ball python bites the plant.
The plant begins to die.
The ball python grabs the plant.
The ball python constricts the plant.
The ball python bites the plant.
The ball python constricts the plant.
You see here 10 gold pieces.
You now have 26 gold pieces (gained 10).
The ball python bites the plant.
The ball python constricts the plant.
The ball python completely misses the plant.
The ball python constricts the plant.
The ball python bites the plant.
The ball python constricts the plant.
A nearby plant withers and dies.
Something loses its grip on the plant.
The ball python bites the fungus.
The fungus begins to die.
The ball python grabs the fungus.
The ball python constricts the fungus.
Something loses its grip on the fungus.
Press: ? - help, v - describe, . - travel The floor.
You roll towards the ball python!
You slash the ball python!
You kill the ball python!
A nearby fungus withers and dies.
There is a faded altar of an unknown god here.
This altar belongs to (a) Lugonu, (b) Ignis or (c) Ru, but you can't tell which.
Press the corresponding letter to learn more about a god, or press enter to convert or escape to cancel.
Ignis accepts your prayer! Ignis welcomes you!
Are you sure you want to abandon this character and quit the game? (Confirm with "yes".)

#..# #. #.# #..#
####.##.#####..##
#.............†.#####
##.......#####...#....
#....P....##..........
.####..♣♣♣..P......#...###
.......♣PP.PP.....###.....
#....@PP.....## ##.##.
#..PP...P.....###.##
#..♣...♣...#.#.#..#
#......P...#.##)#.#
##.......#.#.##.#.#
#####.###..>...... #.#
#.######.## #.# #.# #.#
#.# #.#


There were no monsters in sight!

Vanquished Creatures
  A ball python (D:1)
  A bat (D:1)
  A goblin (D:1)
3 creatures vanquished.

Vanquished Creatures (others)
  A fungus (D:1)
  A plant (D:1)
2 creatures vanquished.

Grand Total: 5 creatures vanquished

Notes
Turn   | Place    | Note
-------+----------+-------------------------------------------
     0 | D:1      | Jase the Armataur Fighter began the quest for the Orb.
     0 | D:1      | Reached XP level 1. HP: 19/19 MP: 1/1
    62 | D:1      | Found a faded altar of an unknown god.
    81 | D:1      | Prayed at the altar of an unknown god.
    81 | D:1      | Became a worshipper of Ignis, the Dying Flame
    82 | D:1      | Quit the game

Illustrated notes

Levels and vault maps discovered:
D:1:      dpeg_arrival_line_fractal, layout_loops_ring,
          dreamdust_ecumenical_altar_grove, kennysheep_small_spiral

Action                     || total
---------------------------++-------
  Melee: Long sword        ||     4
         Tailslap          ||     1
  Dodge: Dodged            ||     2

Table legend: (Time is in decaauts)
 A = Elapsed time spent in this place.
 B = Non-inter-level travel time spent in this place.
 C = Inter-level travel time spent in this place.
 D = Time resting spent in this place.
 E = Time spent auto-exploring this place.
 F = Levels seen in this place.
 G = Mean time per level.
                   A        B        C        D        E       F      G
               +--------+--------+--------+--------+--------+-----+--------+
         Total |     83 |     83 |      0 |     13 |     39 |   1 |   83.0 |
       Dungeon |     83 |     83 |      0 |     13 |     39 |   1 |   83.0 |
               +--------+--------+--------+--------+--------+-----+--------+

Top non-repeatable levels by time:
     D:1: 83 daAuts
